 Dungeon Crawl Stone Soup version 0.29-a0-802-g34511f41fd (webtiles) character file.

Game seed: 6285421794554192398

495014 jifgo the Green Death (level 25, -3/367 HPs)
             Began as a Hill Orc Fighter on July 2, 2022.
             Was a High Priest of Fedhas.
             Slain by a vault warden
             ... wielding a +1 great sword of draining
              (7 damage)
             ... while petrified by an ancient lich
             ... on level 5 of the Vaults on July 4, 2022.
             The game lasted 05:24:53 (72451 turns).

jifgo the Green Death (Hill Orc Fighter)           Turns: 72451, Time: 05:24:54

Health: -3/367     AC: 35    Str: 31    XL:     25   Next: 11%
Magic:  0/39       EV:  2    Int:  8    God:    Fedhas [*****.]
Gold:   5874       SH:  0    Dex: 10    Spells: 22/24 levels left

rFire   + . .      SeeInvis .   a - +18 lance "Wyrmbane" {slay drac, rPois rF+ rC+ AC+3}
rCold   + + .      Faith    .   s - +0 kite shield {reflect}
rNeg    + + +      Spirit   +   (body armour currently unavailable)
rPois   ∞          Reflect  +   (helmet currently unavailable)
rElec   .          Harm     .   (cloak currently unavailable)
rCorr   +          Rampage  .   (gloves currently unavailable)
Will    +....      NoTele   +   (boots currently unavailable)
Stlth   +.........              T - brooch of Shielding {Spirit SH+8}
HPRegen 0.71/turn               m - ring of positive energy
MPRegen 0.26/turn               j - ring of Divine Compulsion {rC+ rCorr}

@: tree-form, petrified
A: stationary, stasis, torment immunity, boosted hp
}: 2/15 runes: decaying, gossamer
a: Renounce Religion, Wall of Briars, Grow Ballistomycete, Overgrow, Grow Oklob


You were on level 5 of the Vaults.
You worshipped Fedhas.
Fedhas was extremely pleased with you.
You were a tree.
You visited 9 branches of the dungeon, and saw 44 of its levels.
You visited the Abyss 1 time.
You also visited: Trove, Sewer, Gauntlet and Wizlab.

You collected 7192 gold pieces.
You spent 1318 gold pieces at shops.

Inventory:

Hand Weapons
 a - the +18 lance "Wyrmbane" (weapon) {slay drac, rPois rF+ rC+ AC+3}
   (You took it off Maggie on level 8 of the Dungeon)

   It inflicts extra damage against dragons and draconians.
   AC:        It affects your AC (+3).
   rF:        It protects you from fire.
   rC:        It protects you from cold.
   rPois:     It protects you from poison.
 b - a +9 vorpal hand crossbow
Missiles
 z - 27 javelins (quivered)
 A - 14 silver javelins
Armour
 h - the +2 helmet "Ymuy" (melded) {rElec Regen+ Dex+5 Stlth-}
   (You found it on level 1 of the Elven Halls)

   Dex:       It affects your dexterity (+5).
   rElec:     It insulates you from electricity.
   Regen:     It increases your rate of health regeneration.
   Stlth:     It makes you less stealthy.
 n - the +5 pair of boots of Curiosity (melded) {rN+ Str+4 Dex+4 Slay-3}
   (You found it on level 11 of the Dungeon)

   Str:       It affects your strength (+4).
   Dex:       It affects your dexterity (+4).
   Slay:      It affects your accuracy & damage with ranged weapons and melee
   (-3).
   rN:        It protects you from negative energy.
 s - a +0 kite shield of reflection (worn)
 W - the +1 pair of gloves of Itidyg Sezxu (melded) {rElec Will+ SInv Stlth+}
   (You found it in a Gauntlet)

   rElec:     It insulates you from electricity.
   SInv:      It lets you see invisible.
   Will:      It increases your willpower.
   Stlth:     It makes you more stealthy.
 X - a +6 crystal plate armour (melded)
 Z - a +1 cloak of preservation (melded)
Jewellery
 e - a ring of positive energy
 j - the ring of Divine Compulsion (right branch) {rC+ rCorr}
   (You took it off a deep elf knight on level 1 of the Elven Halls)

   [ring of protection from cold]

   rC:        It protects you from cold.
   rCorr:     It protects you from acid and corrosion.
 m - a ring of positive energy (left branch)
 o - the ring of the Camelopard {Fire Dex+2}
   (You found it in a treasure trove)

   [ring of fire]

   It enhances your fire magic.
   Dex:       It affects your dexterity (+2).
   rF:        It protects you from fire.
   rC:        It makes you vulnerable to cold.
 y - a ring of ice
 H - a ring of protection from fire
 I - a ring of willpower
 K - a ring of protection from fire
 T - the brooch of Shielding (around neck) {Spirit SH+8}
   (You acquired it on level 3 of the Lair of Beasts)

   [amulet of guardian spirit]

   It causes incoming damage to be divided between your reserves of health and
   magic.
   SH:        It affects your SH (+8).
Wands
 g - a wand of iceblast (24)
 C - a wand of quicksilver (19)
 S - a wand of digging (13)
Scrolls
 i - 2 scrolls of enchant weapon
 l - a scroll of brand weapon
 q - 17 scrolls of immolation
 r - 7 scrolls of vulnerability
 t - 6 scrolls of fear
 w - 16 scrolls of teleportation
 B - 7 scrolls of fog
 E - 14 scrolls of blinking
 J - 8 scrolls of poison
 M - 4 scrolls of silence
 O - 5 scrolls of summoning
 P - 6 scrolls of torment
Potions
 c - 5 potions of haste
 d - 6 potions of might
 k - 19 potions of curing
 u - 8 potions of brilliance
 v - 10 potions of heal wounds
 x - 11 potions of lignification
 D - 6 potions of magic
 F - 5 potions of cancellation
 G - 2 potions of resistance
 L - 14 potions of flight
 N - 5 potions of mutation
 Q - a potion of invisibility
 R - 2 potions of ambrosia
 U - 7 potions of attraction
 Y - a potion of berserk rage
Miscellaneous
 f - a phial of floods
 p - a phantom mirror
 V - a condenser vane


   Skills:
 + Level 23.7 Fighting
 - Level 8.5(11.9) Axes
 - Level 11.1(12.0) Polearms
 + Level 15.8 Ranged Weapons
 + Level 14.2 Throwing
 + Level 22.0 Armour
 + Level 19.2 Shields
 + Level 24.4 Invocations


You had 22 spell levels left.
You knew the following spells:

 Your Spells              Type           Power      Damage    Failure   Level
a - Blink                 Tloc           0%         N/A       67%         2

Your spell library contained the following spells:

 Spells                   Type           Power      Damage    Failure   Level
 Apportation              Tloc           0%         N/A       52%         1
 Beastly Appendage        Tmut           0%         N/A       52%         1
 Foxfire                  Conj/Fire      0%         2x1d4     52%         1
 Sandblast                Erth           0%         2d4       52%         1
 Slow                     Hex            0%         N/A       52%         1
 Sting                    Tmut/Pois      0%         1d3       52%         1
 Summon Small Mammal      Summ           0%         N/A       52%         1
 Passwall                 Tmut/Erth      0%         N/A       67%         2
 Poisonous Vapours        Pois/Air       0%         N/A       67%         2
 Static Discharge         Conj/Air       0%         3-3/arc   67%         2
 Wereblood                Tmut           0%         N/A       67%         2
 Call Canine Familiar     Summ           0%         N/A       88%         3
 Confusing Touch          Hex            0%         N/A       88%         3
 Conjure Flame            Conj/Fire      0%         6-21      88%         3
 Dazzling Flash           Conj/Hex       0%         N/A       88%         3
 Ignite Poison            Fire/Tmut/Pois 0%         N/A       88%         3
 Inner Flame              Hex/Fire       0%         N/A       88%         3
 Mephitic Cloud           Conj/Pois/Air  0%         N/A       88%         3
 Portal Projectile        Hex/Tloc       0%         N/A       88%         3
 Spider Form              Tmut/Pois      0%         N/A       88%         3
 Stone Arrow              Conj/Erth      0%         3d7       88%         3
 Summon Guardian Golem    Hex/Summ       0%         N/A       88%         3
 Tukima's Dance           Hex            0%         N/A       88%         3
 Vampiric Draining        Necr           0%         2d6       88%         3
 Anguish                  Hex/Necr       0%         N/A       99%         4
 Animate Armour           Summ/Erth      0%         N/A       99%         4
 Cause Fear               Hex            0%         N/A       99%         4
 Corpse Rot               Necr/Pois/Air  0%         N/A       99%         4
 Flame Wave               Conj/Fire      0%         2d4       99%         4
 Fulminant Prism          Conj/Hex       0%         3d6       99%         4
 Hailstorm                Conj/Ice       0%         3d3       99%         4
 Ice Form                 Ice/Tmut       0%         N/A       99%         4
 Iskenderun's Mystic Bla  Conj/Tloc      0%         2d3       99%         4
 Leda's Liquefaction      Hex/Erth       0%         N/A       99%         4
 Olgreb's Toxic Radiance  Pois           0%         N/A       99%         4
 Sticky Flame             Conj/Fire      0%         2d3       99%         4
 Summon Ice Beast         Ice/Summ       0%         N/A       99%         4
 Agony                    Necr           0%         N/A       100%        5
 Blade Hands              Tmut           0%         N/A       100%        5
 Fireball                 Conj/Fire      0%         3d3       100%        5
 Freezing Cloud           Conj/Ice/Air   0%         6-21      100%        5
 Iskenderun's Battlesphe  Conj           0%         2d6       100%        5
 Lee's Rapid Deconstruct  Erth           0%         3d5*      100%        5
 Lightning Bolt           Conj/Air       0%         1d11      100%        5
 Manifold Assault         Tloc           0%         N/A       100%        5
 Silence                  Hex/Air        0%         N/A       100%        5
 Summon Forest            Summ/Tloc      0%         N/A       100%        5
 Summon Mana Viper        Hex/Summ       0%         N/A       100%        5
 Conjure Ball Lightning   Conj/Air       0%         3x3d6     100%        6
 Iron Shot                Conj/Erth      0%         9d1       100%        6
 Simulacrum               Ice/Necr       0%         N/A       100%        6
 Starburst                Conj/Fire      0%         6d3       100%        6
 Statue Form              Tmut/Erth      0%         N/A       100%        6
 Summon Cactus Giant      Summ           0%         N/A       100%        6
 Dragon Form              Tmut           0%         N/A       100%        7
 Malign Gateway           Summ/Tloc      0%         N/A       100%        7
 Monstrous Menagerie      Summ           0%         N/A       100%        7
 Orb of Destruction       Conj           0%         9d5       100%        7
 Spellforged Servitor     Conj/Summ      0%         N/A       100%        7
 Storm Form               Tmut/Air       0%         N/A       100%        7
 Ignition                 Fire           0%         3d3       100%        8
 Maxwell's Capacitive Co  Air            0%         ∞         100%        8
 Summon Horrible Things   Summ           0%         N/A       100%        8
 Dragon's Call            Summ           0%         N/A       100%        9
 Polar Vortex             Ice            0%         N/A       100%        9


Dungeon Overview and Level Annotations

Branches:
Dungeon (15/15)            Temple (1/1) D:5            Lair (6/6) D:10
  Swamp (4/4) Lair:2       Spider (4/4) Lair:3        Slime (0/5) Lair:6
    Orc (2/2) D:12            Elf (3/3) Orc:2        Vaults (5/5) D:14
  Crypt (0/3) Vaults:2     Depths (4/4) D:15            Zot (0/5) Depths:4
  Sewer (visited)          WizLab (visited)         Gauntlet (visited)

Altars:
Ashenzari
Cheibriados
Dithmenos
Elyvilon
Fedhas
Gozag
Hepliaklqana
Kikubaaqudgha
Makhleb
Nemelex Xobeh
Okawaru
Qazlal
Ru
Sif Muna
Trog
Uskayaw
Vehumet
Wu Jian
Xom
Yredelemnul
Zin
The Shining One
Jiyva
Lugonu

Shops:
D:7 *!   D:10 (   D:13 [   Orc:1 (   Orc:2 (**(*(=   Vaults:1 =   Vaults:4 (

Portals:
Hell: Depths:1 Depths:2 Depths:3 Depths:4
Abyss: Lair:6 Depths:2 Depths:3
Pandemonium: Depths:2
Ziggurat: Depths:4

Annotations:
Spider:2 Roxanne


Message History

The vault guard hits you but does no damage. x2
The vault warden hits you with a +1 great sword of draining.
* * * LOW HITPOINT WARNING * * *
The ettin hits you but does no damage.
The ettin hits you with a +0 dire flail!!
* * * LOW HITPOINT WARNING * * *
The vault guard completely misses you.
Something touches you but does no damage.
Something completely misses you.
You hear a horrible gurgling sound!
A cyan very ugly thing comes into view.
An iron dragon comes into view.
You hear some strange, mumbled words.
Something touches you but does no damage.
The shadow dragon bites you but does no damage.
The shadow dragon claws you but does no damage. x2
The vault guard hits you but does no damage.
The vault guard hits you with a +0 war axe.
Your wandering mushroom releases spores at the vault guard.
The vault guard is engulfed in a cloud of spores!
The vault warden hits you but does no damage.
The ettin completely misses you.
The ettin hits you with a +0 dire flail!!
* * * LOW HITPOINT WARNING * * *
The vault guard hits you with a +0 long sword.
* * * LOW HITPOINT WARNING * * *
Something touches you!
* * * LOW HITPOINT WARNING * * *
Something touches you but does no damage.
The vault guard hits your oklob plant with a +0 great sword!
Your wandering mushroom barely misses the vault guard.
The shadow dragon bites you but does no damage.
The shadow dragon claws you but does no damage. x2
The vault guard hits your burning bush with a +3 war axe!
The vault guard hits your oklob plant with a +3 war axe!!
The vault guard hits your oklob sapling with a +3 war axe!
The vault guard hits your wandering mushroom with a +3 war axe.
The vault guard hits you but does no damage. x3
The vault warden hits you with a +1 great sword of draining!
You die...
Fedhas appreciates your contribution to the ecosystem.

....#....#....
u..#....#....
.......$...
####........###
.......H.......
.......Dpp)....
.....Cpp{T.....
...p.pp♣{X.....
PfP#.[CDpD..###
Pp....)pp....#
.....#....#..#
.....#....# ...
.... #....# ..
... #....# .
... #....#


You could see a shadow dragon (ally target), a tentacled monstrosity, an iron
dragon, a titan, a storm dragon, a cyan very ugly thing, a sphinx, a vault
warden, 9 vault guards, an ettin, a deep troll, a vault sentinel, a friendly
oklob plant (summoned, drained), a friendly wandering mushroom (summoned), a
friendly burning bush (summoned) and a friendly oklob sapling (summoned).

Vanquished Creatures
  Mara (Swamp:3)
  Mennas (Vaults:2)
  2 juggernauts (Depths:2)
  The ghost of Joetwoph the Wrestler, a veteran OgTm of Ashenzari (Vaults:1)
  Bai Suzhen (Spider:3)
  A Head Instructor (WizLab)
  Xtahua (Vaults:4)
  6 caustic shrikes
  2 bone dragons
  A pearl dragon (Depths:3)
  Jory (Vaults:3)
  4 hellephants
  2 tentacled monstrosities
  Rupert (D:14)
  A lich (Depths:2)
  A quicksilver dragon (WizLab)
  A titan (Depths:2)
  A walking frostbound tome (Depths:2)
  Asterion (Depths:1)
  A deep elf master archer (Elf:3)
  The ghost of Shayle the Fighter, an adept NaIE of Ashenzari (Spider:3)
  2 deep elf blademasters
  2 tentacled starspawn
  5 sphinxes
  Kirke (Spider:2)
  The ghost of Gosaunna the Warrior, an adept DjVM of Makhleb (Spider:4)
  The ghost of Musia the Eclecticist, an adept DjCj of Ashenzari (Spider:3)
  Frances (Swamp:1)
  7 tengu reavers
  3 storm dragons
  The ghost of Crabhammer the Ruinous, an adept TeCj of Hepliaklqana (Spider:4)
  A shadow dragon (Depths:2)
  A fenstrider witch (Swamp:4)
  Aizul (Spider:4)
  4 orc warlords
  7 fire giants
  8 emperor scorpions
  5 ghost moths
  An iron dragon (Depths:4)
  9 frost giants
  10 vault wardens
  3 draconian scorchers (Depths:4)
  4 deep elf elementalists (Elf:3)
  A deep elf sorcerer (Elf:3)
  A balrug (Depths:2)
  Louise (Spider:1)
  7 broodmothers
  17 ironbound preservers
  8 ironbound thunderhulks
  26 very ugly things
  2 spriggan defenders (Depths:2)
  2 ophanim
  14 stone giants
  A green draconian (Depths:4)
  An apis (Depths:3)
  7 deep elf demonologists
  2 vampire knights
  Azrael (Spider:2)
  A red draconian (Depths:4)
  5 entropy weavers
  5 dire elephants
  A minotaur (Gauntlet)
  4 spark wasps
  13 deep elf annihilators
  3 bunyips
  4 eleionomae
  A yellow draconian (Depths:4)
  A purple draconian (Depths:4)
  The ghost of quinnr the Zephyrmancer, a journeyman TeAE of Sif Muna (Lair:6)
  7 ettins
  11 fire dragons
  5 deep elf death magi
  Josephine (D:10)
  5 deep elf high priests
  14 yaktaur captains
  7 great orbs of eyes
  6 ice dragons
  4 ghost crabs
  Harold (D:10)
  2 spriggan air magi
  9 vault guards
  A jorogumo (Spider:3)
  10 boulder beetles
  5 ogre magi
  11 ironbound frosthearts
  Erolcha (D:12)
  Erica (D:10)
  4 radroaches
  2 catoblepae (D:15)
  29 hydras
  21 centaur warriors
  8 alligators
  35 dancing weapons
  15 two-headed ogres
  4 death knights (D:15)
  5 deep troll shamans
  6 hell hogs (Depths:1)
  10 deep troll earth magi
  2 tengu warriors
  A death yak (Lair:2)
  Urug (Orc:1)
  22 deep elf knights
  3 thrashing horrors (Lair:6)
  5 vampire magi
  4 hell knights (Depths:3)
  2 spriggan berserkers
  Nergalle (Orc:1)
  2 fire crabs
  An orc high priest (Orc:1)
  A fire crab (shapeshifter) (D:15)
  7 iron trolls
  A sun moth (Spider:1)
  Amaemon (D:8)
  2 sea snakes (shapeshifter)
  A skeletal warrior (D:15)
  55 deep trolls
  6 pharaoh ants
  2 glowing orange brains
  A salamander mystic (WizLab)
  A death drake (shapeshifter) (Lair:6)
  5 deep elf archers
  2 flayed ghosts
  5 bog bodies
  2 spriggan druids
  5 orb spiders
  4 wizards
  8 swamp dragons
  7 steelbarb worms
  7 spectral wolf spiders (Spider:4)
  8 ironbound convokers
  A phantasmal warrior (Vaults:2)
  7 lindwurms
  10 orc knights
  4 wolf spider zombies (Spider:4)
  24 deep elf pyromancers
  6 harpies (Vaults:3)
  28 deep elf zephyrmancers
  A mana viper (shapeshifter) (D:15)
  8 mana vipers
  10 necromancers
  36 ugly things
  4 orc sorcerers
  27 wolf spiders
  11 cyclopes
  6 manticores
  6 will-o-the-wisps
  An apocalypse crab (Abyss:3)
  7 large abominations
  A black mamba (shapeshifter) (Elf:2)
  2 moths of wrath (Spider:2)
  An orange demon (D:8)
  18 vault sentinels
  6 elephants (Gauntlet)
  3 black mambas (Lair:6)
  A rust devil (Abyss:2)
  5 smoke demons
  16 cane toads
  2 naga magi (WizLab)
  2 gargoyles
  Maggie (D:8)
  6 torpor snails
  Psyche (D:12)
  A freezing wraith (D:15)
  An unseen horror (D:11)
  9 demonic crawlers
  A kobold demonologist (Depths:2)
  2 efreet (D:15)
  3 rime drakes
  7 komodo dragons
  An ice devil (Depths:2)
  26 yaktaurs
  14 trolls
  3 ancient zymes (Lair:6)
  A red devil (Abyss:3)
  4 tengu conjurers
  A queen bee (shapeshifter) (D:13)
  2 human skeletons (Vaults:2)
  10 meliai
  A tengu simulacrum (Vaults:2)
  9 tyrant leeches
  2 polar bears (D:11)
  5 wolf spider simulacra (Spider:4)
  30 slime creatures
  35 tarantellas
  8 hornets
  A raiju (Abyss:2)
  29 blink frogs
  A dream sheep (Lair:6)
  A slime creature (shapeshifter) (Elf:3)
  5 shadows
  26 jumping spiders
  26 culicivoras
  A yak (shapeshifter) (D:15)
  10 spriggans
  Sigmund (D:2)
  9 water elementals
  4 wyverns
  5 basilisks
  9 wraiths
  3 ynoxinuls
  2 hogs (Spider:2)
  8 fire elementals
  A basilisk (shapeshifter) (D:15)
  3 fire bats (Gauntlet)
  A vampire (D:9)
  36 yaks
  Grum (D:8)
  54 redbacks
  17 vampire mosquitoes
  A chaos spawn (Depths:2)
  A neqoxec (Depths:2)
  A yaktaur simulacrum (Vaults:2)
  13 small abominations
  3 steam dragons
  A redback simulacrum (D:15)
  14 swamp worms
  6 acid dragons
  8 wargs
  12 water moccasins
  A hell hound (Spider:2)
  4 swamp drakes (Swamp:4)
  A glowing shapeshifter skeleton (Vaults:2)
  3 ice beasts
  A sky beast (D:8)
  2 human zombies (Vaults:2)
  A black bear (shapeshifter) (D:15)
  12 orc warriors
  2 black bears
  27 ogres
  3 boggarts
  6 centaurs
  20 wolves
  A phantom (D:7)
  14 kobold brigands
  9 bullfrogs
  6 necrophages
  4 earth elementals
  A gnoll sergeant (D:12)
  10 wights (D:10)
  3 killer bees (D:9)
  An electric eel (Lair:4)
  A howler monkey (shapeshifter) (Lair:6)
  10 howler monkeys
  A quasit (Abyss:2)
  4 hounds
  4 jellies
  18 orc priests
  Terence (D:2)
  16 orc wizards
  7 gnolls
  8 adders
  2 river rats (Sewer)
  A shadow imp (D:6)
  4 white imps
  An ufetubus (D:4)
  8 worms
  3 dart slugs
  58 orcs
  9 ball pythons
  3 bats
  3 endoplasms
  6 giant cockroaches
  6 hobgoblins
  3 jackals
  3 quokkas
  2 frilled lizards (D:2)
  5 goblins
  42 kobolds
  13 rats
  A spectral goblin (D:8)
  4 ballistomycete spores
  2 starspawn tentacles (Abyss:2)
1788 creatures vanquished.

Vanquished Creatures (collateral kills)
  Arachne (Spider:2)
  Zenata (Vaults:4)
  Jorgrun (Swamp:1)
  A storm dragon (Vaults:5)
  Donald (Orc:2)
  An emperor scorpion (Spider:1)
  The ghost of logorrheac the Thaumaturge, a journeyman GnWn of Cheibriados (Elf:1)
  2 vault wardens
  A deep elf sorcerer (Elf:3)
  A deep elf elementalist (Elf:3)
  A broodmother (Spider:4)
  An ironbound thunderhulk (Vaults:3)
  A spark wasp (Spider:2)
  2 deep elf demonologists (Elf:3)
  An entropy weaver (Spider:1)
  2 deep elf death magi
  An ettin (Vaults:4)
  7 vault guards (Vaults:5)
  An ironbound frostheart (Vaults:4)
  A jorogumo (Spider:2)
  2 hydras
  A dancing weapon (Elf:2)
  A spriggan (Swamp:1)
  3 deep elf knights
  A pharaoh ant (Spider:1)
  A deep troll (Vaults:1)
  A glowing orange brain (Vaults:4)
  An orb spider (Spider:4)
  A steelbarb worm (Spider:2)
  4 deep elf archers
  An ironbound convoker (Vaults:4)
  An orc knight (Vaults:4)
  A bog body (Swamp:1)
  A deep elf pyromancer (Elf:2)
  3 deep elf zephyrmancers (Elf:2)
  2 wolf spiders
  2 vault sentinels (Vaults:4)
  A torpor snail (Spider:1)
  A demonic crawler (Spider:1)
  2 trolls
  2 tarantellas (Spider:3)
  A tarantella (shapeshifter) (Vaults:5)
  2 hornets (Swamp:1)
  3 jumping spiders
  2 culicivoras
  11 redbacks
  2 chaos spawn (Lair:6)
  2 orc warriors (Orc:2)
  A bullfrog (Lair:2)
  3 kobold brigands (D:12)
  A gnoll sergeant (D:12)
  4 gnolls (D:12)
  3 orcs (D:12)
  291 ballistomycete spores
388 creatures vanquished.

Vanquished Creatures (others)
  2 eldritch tentacles
  3 thorn hunters
  A shambling mangrove (Swamp:4)
  2 hydras
  A deep elf knight (Elf:2)
  2 swamp dragons (Swamp:4)
  2 bog bodies (Swamp:4)
  A will-o-the-wisp (Swamp:4)
  A tyrant leech (Swamp:4)
  4 hornets
  A bloated husk (Swamp:3)
  A centaur simulacrum (D:15)
  2 humans (Spider:2)
  2 swamp drakes (Swamp:4)
  26 ballistomycete spores
  A briar patch (Swamp:4)
  A bush (Lair:6)
  32 foxfires
  50 fungi
  A lurking horror (Abyss:2)
  65 plants
  6 starspawn tentacles
207 creatures vanquished.

Grand Total: 2383 creatures vanquished

Notes
Turn   | Place    | Note
-------+----------+-------------------------------------------
     0 | D:1      | jifgo the Hill Orc Fighter began the quest for the Orb.
     0 | D:1      | Reached XP level 1. HP: 19/19 MP: 1/1
   206 | D:1      | Found a faded altar of an unknown god.
   223 | D:1      | Reached XP level 2. HP: 27/27 MP: 2/2
   968 | D:2      | You fall into a shaft and drop 2 floors!
  1112 | D:3      | Reached XP level 3. HP: 22/33 MP: 3/3
  1606 | D:2      | Reached XP level 4. HP: 36/40 MP: 4/4
  1668 | D:2      | Reached skill level 1 in Invocations
  1732 | D:2      | Noticed Sigmund
  2033 | D:3      | Found a bloodstained altar of Trog.
  2232 | D:3      | Found an ornate altar of the Wu Jian Council.
  2941 | D:4      | Reached XP level 5. HP: 46/47 MP: 6/6
  3005 | D:3      | Reached skill level 2 in Invocations
  3590 | D:4      | Reached XP level 6. HP: 55/55 MP: 7/7
  3621 | D:5      | Entered Level 5 of the Dungeon
  3625 | D:5      | Reached skill level 5 in Fighting
  3625 | D:5      | Reached skill level 3 in Invocations
  3998 | D:5      | Found a sacrificial altar of Ru.
  4017 | D:5      | Found a staircase to the Ecumenical Temple.
  4020 | D:5      | Noticed a water moccasin
  4032 | D:5      | Killed a water moccasin
  4033 | D:5      | Reached skill level 5 in Axes
  4033 | D:5      | Reached XP level 7. HP: 30/61 MP: 9/9
  4292 | Temple   | Entered the Ecumenical Temple
  4470 | Temple   | Became a worshipper of Fedhas Madash
  4516 | D:5      | Reached skill level 5 in Shields
  4567 | D:5      | Reached skill level 5 in Armour
  4756 | D:5      | Reached skill level 4 in Invocations
  5251 | D:6      | Found a glowing drain.
  5263 | Sewer    | Entered a sewer
  5305 | Sewer    | Reached XP level 8. HP: 64/70 MP: 11/11
  5386 | Sewer    | Reached * piety under Fedhas
  5616 | Sewer    | Reached skill level 5 in Invocations
  6571 | D:6      | Reached ** piety under Fedhas
  6627 | D:6      | Reached skill level 6 in Invocations
  6627 | D:6      | Reached XP level 9. HP: 47/79 MP: 13/13
  6963 | D:2      | Noticed Terence
  6970 | D:2      | Killed Terence
  7069 | D:2      | Killed Sigmund
  7582 | D:7      | Noticed a two-headed ogre
  7826 | D:7      | Found Bufyo's Distillery.
  7859 | D:7      | Bought a potion of flight for 36 gold pieces
  7859 | D:7      | Bought a potion of resistance for 120 gold pieces
  7859 | D:7      | Bought a potion of magic for 96 gold pieces
  7964 | D:7      | Found Meruxay's Lightly-Used Armoury.
  7972 | D:7      | Bought a -1 hand crossbow for 1 gold piece
  8232 | D:7      | Killed a two-headed ogre
  8233 | D:7      | Reached skill level 7 in Invocations
  9086 | D:8      | Reached XP level 10. HP: 66/88 MP: 15/15
  9181 | D:8      | Noticed Maggie
  9190 | D:8      | Killed Maggie
  9269 | D:8      | Reached skill level 8 in Invocations
  9275 | D:8      | Noticed an orange demon
  9276 | D:8      | Noticed Amaemon
  9351 | D:8      | Reached *** piety under Fedhas
  9401 | D:8      | Reached skill level 1 in Polearms
 10110 | D:8      | Noticed Grum
 10214 | D:8      | Killed Grum
 10326 | D:8      | Found a hazy altar of Hepliaklqana.
 10577 | D:8      | Found a broken altar of Ashenzari.
 10850 | D:9      | Reached skill level 9 in Invocations
 10979 | D:9      | Reached **** piety under Fedhas
 11319 | D:9      | Paralysed by a hornet for 1 turns
 11580 | D:9      | Reached XP level 11. HP: 97/97 MP: 18/18
 11712 | D:10     | Entered Level 10 of the Dungeon
 11856 | D:10     | Upgraded the game from 0.29-a0-775-g4d7333d4e2 to
                  | 0.29-a0-789-g7a8fcbc185
 11970 | D:10     | Noticed Harold
 12021 | D:10     | Noticed Josephine
 12223 | D:10     | Noticed Erica
 12231 | D:10     | Killed Erica
 12261 | D:10     | Found Xapru's Weapon Emporium.
 12582 | D:10     | Reached skill level 10 in Fighting
 13279 | D:10     | Killed Josephine
 13280 | D:10     | Reached skill level 5 in Polearms
 13304 | D:10     | Reached ***** piety under Fedhas
 13534 | D:10     | Killed Harold
 13799 | D:10     | Found a staircase to the Lair.
 14060 | Lair:1   | Entered Level 1 of the Lair of Beasts
 14070 | D:10     | Reached skill level 10 in Armour
 14405 | Lair:1   | Reached skill level 10 in Invocations
 14413 | Lair:1   | Reached skill level 1 in Ranged Weapons
 14651 | Lair:1   | Found a stormy altar of Qazlal.
 15235 | Lair:2   | Noticed a death yak
 15300 | Lair:2   | Noticed an eight-headed hydra
 15593 | Lair:2   | Reached XP level 12. HP: 73/110 MP: 19/19
 16026 | D:11     | Identified the +5 pair of boots of Curiosity {rN+ Str+4
                  | Dex+4 Slay-3}
 16210 | D:11     | Noticed a two-headed ogre
 16230 | D:11     | Killed a two-headed ogre
 16542 | D:11     | Reached skill level 5 in Ranged Weapons
 16768 | D:11     | Found a bloodstained altar of Trog.
 17495 | D:12     | Noticed a two-headed ogre
 17681 | Lair:2   | Killed an eight-headed hydra
 17860 | Lair:2   | Found a staircase to the Swamp.
 18040 | Lair:2   | Killed a death yak
 18533 | Lair:3   | Reached skill level 10 in Polearms
 18675 | D:11     | Reached XP level 13. HP: 91/116 MP: 17/21
 18797 | D:12     | Reached skill level 11 in Invocations
 18862 | D:12     | Noticed Psyche
 18869 | D:12     | Killed Psyche
 19339 | D:12     | Found a staircase to the Orcish Mines.
 19767 | D:12     | Noticed Erolcha
 19889 | Orc:1    | Entered Level 1 of the Orcish Mines
 20222 | Lair:3   | Found a hole to the Spider Nest.
 20750 | Lair:3   | Identified the +2 flail "Peib" {spect, Str+3 Dex+2}
 20874 | Lair:3   | Identified a scroll of acquirement
 20875 | Lair:3   | Acquired the brooch of Shielding {Spirit SH+8}
 20875 | Lair:3   | Found the brooch of Shielding {Spirit SH+8}
 21558 | Lair:4   | Reached skill level 12 in Invocations
 21977 | Lair:4   | You fall into a shaft and drop 1 floor!
 22696 | Lair:5   | Learned a level 2 spell: Blink
 22701 | Lair:6   | Entered Level 6 of the Lair of Beasts
 22857 | Lair:6   | Reached skill level 13 in Invocations
 22857 | Lair:6   | Reached XP level 14. HP: 89/129 MP: 21/23
 22955 | Lair:6   | Found a viscous altar of Jiyva.
 22956 | Lair:6   | Found a staircase to the Slime Pits.
 23033 | Lair:6   | Found a gate leading to a gauntlet.
 23046 | Gauntlet | Entered a Gauntlet
 23046 | Gauntlet | Found a transporter.
 23046 | Gauntlet | Found a transporter.
 23236 | Gauntlet | Found a transporter.
 23240 | Gauntlet | Found a transporter.
 23246 | Gauntlet | Found a runed translucent gate.
 23246 | Gauntlet | Found a runed translucent gate.
 23246 | Gauntlet | Found a runed translucent gate.
 23248 | Gauntlet | Found a transporter.
 23252 | Gauntlet | Found a transporter.
 23260 | Gauntlet | Found a transporter.
 23266 | Gauntlet | Found the +15 Maxwell's patent armour {-Cast -Tele rElec
                  | Will+ rCorr}
 23277 | Gauntlet | Found a transporter.
 23291 | Gauntlet | Found a transporter.
 23295 | Gauntlet | Found a transporter.
 23303 | Gauntlet | Found a transporter.
 23307 | Gauntlet | Found a transporter.
 23697 | Gauntlet | Identified the +1 pair of gloves of Itidyg Sezxu {rElec
                  | Will+ SInv Stlth+}
 23841 | Gauntlet | Identified the amulet of Autumn {Faith rF+}
 24047 | Lair:6   | Identified the +4 flail of the Ship {pain, rF+ Will- Str+3}
 24469 | Lair:6   | Reached skill level 14 in Invocations
 24515 | Lair:6   | Noticed a dire elephant
 25881 | Lair:6   | Reached skill level 15 in Invocations
 26052 | Lair:6   | Reached skill level 15 in Fighting
 26143 | Lair:6   | Found a corrupted altar of Lugonu.
 26143 | Lair:6   | Found a one-way gate to the infinite horrors of the Abyss.
 26411 | D:8      | Killed Amaemon
 26418 | D:8      | Reached XP level 15. HP: 133/141 MP: 24/26
 26591 | D:7      | Bought a -1 crystal plate armour for 975 gold pieces
 26883 | Lair:6   | Found a runed translucent door.
 26884 | Lair:6   | Noticed quinnr's ghost (journeyman TeAE)
 27223 | Lair:6   | Killed quinnr's ghost
 27940 | D:12     | Killed Erolcha
 28513 | D:13     | Found Lahelebe's Antique Armour Boutique.
 29379 | D:14     | Found a gate to the Vaults.
 29493 | D:14     | Found Zin's Purification Station.
 29648 | D:14     | Reached skill level 16 in Invocations
 29697 | D:14     | Noticed Rupert
 29788 | Orc:1    | Reached ****** piety under Fedhas
 29862 | Orc:1    | Found Owalyos's Weapon Shoppe.
 29993 | Orc:2    | Entered Level 2 of the Orcish Mines
 30031 | Orc:2    | Noticed Donald
 30041 | Orc:2    | Killed Donald
 30042 | Orc:2    | Noticed an orc warlord
 30237 | Orc:2    | Found Noraypat's Weapon Shoppe.
 30260 | Orc:2    | Found a staircase to the Elven Halls.
 30281 | Orc:2    | Killed an orc warlord
 30626 | Orc:2    | Found Zupnintum's General Store.
 30628 | Orc:2    | Found Torumup's Specific Store.
 30707 | Orc:2    | Found Hejabriw's Antique Weapon Emporium.
 30723 | Orc:2    | Reached skill level 15 in Armour
 31155 | Orc:2    | Paralysed by an ogre mage for 3 turns
 31298 | Orc:2    | Found Nuvagifimp's Jewellery Shoppe.
 31303 | Orc:2    | Found Nanoraez's General Store.
 31311 | Orc:2    | Found Niupot's Weapon Emporium.
 31489 | Orc:1    | Noticed Urug
 31578 | Orc:1    | Noticed Nergalle
 31585 | Orc:1    | Reached XP level 16. HP: 126/152 MP: 22/28
 31586 | Orc:1    | Killed Urug
 31593 | Orc:1    | Killed Nergalle
 31881 | D:14     | Reached skill level 10 in Shields
 31913 | D:14     | Killed Rupert
 31952 | D:14     | Found a portal to a secret trove of treasure.
 31975 | D:14     | Found a glowing silver altar of Zin.
 31980 | D:14     | Bought a potion of curing for 90 gold pieces
 32201 | D:15     | Entered Level 15 of the Dungeon
 32211 | D:15     | Reached skill level 17 in Invocations
 32794 | D:15     | Found an iron altar of Okawaru.
 32794 | D:15     | Found a shadowy altar of Dithmenos.
 32795 | D:15     | Found a glowing golden altar of the Shining One.
 32813 | D:15     | Paralysed by an ogre mage for 5 turns
 34404 | Swamp:1  | Entered Level 1 of the Swamp
 34404 | Swamp:1  | Noticed Jorgrun
 34460 | Spider:1 | Entered Level 1 of the Spider Nest
 35665 | Spider:1 | Noticed Louise
 35737 | Spider:1 | Killed Louise
 36061 | Spider:1 | Reached skill level 18 in Invocations
 36073 | Spider:1 | Reached XP level 17. HP: 126/162 MP: 24/30
 36885 | Spider:2 | Noticed Arachne
 36898 | Spider:2 | Killed Arachne
 36913 | Spider:2 | Identified the +1 scale mail "Jetuem" {rPois Str+4}
 37252 | Spider:2 | Found a runed translucent door.
 37557 | Spider:2 | Identified Roxanne's Tome of Stones
 37557 | Spider:2 | Noticed Roxanne
 37583 | Spider:2 | Noticed Kirke
 37624 | Spider:2 | Killed Kirke
 37809 | Spider:2 | Noticed Azrael
 37823 | Spider:2 | Killed Azrael
 38341 | Spider:2 | Identified the +4 ring mail "Yplapn" {Fly rCorr Int-3
                  | Dex+3}
 38699 | Spider:3 | Noticed Bai Suzhen
 38713 | Spider:3 | Killed Bai Suzhen
 39381 | Spider:3 | Reached skill level 19 in Invocations
 39590 | Spider:3 | Reached XP level 18. HP: 130/173 MP: 15/31
 40172 | Spider:4 | Entered Level 4 of the Spider Nest
 41044 | Spider:4 | Reached skill level 10 in Ranged Weapons
 42115 | Spider:4 | Noticed Aizul
 42132 | Spider:4 | Killed Aizul
 42685 | Spider:4 | Found a runed translucent gate.
 42685 | Spider:4 | Found a runed translucent gate.
 42687 | Spider:4 | Found a runed translucent gate.
 42688 | Spider:4 | Noticed Gosaunna's ghost (adept DjVM)
 42688 | Spider:4 | Noticed Musia's ghost (adept DjCj)
 42688 | Spider:4 | Noticed Shayle's ghost (adept NaIE)
 42731 | Spider:4 | Noticed Crabhammer's ghost (adept TeCj)
 43058 | Spider:4 | Got a gossamer rune of Zot
 43724 | Swamp:1  | Killed Jorgrun
 43763 | Swamp:1  | Reached skill level 20 in Invocations
 44055 | Swamp:1  | Noticed Frances
 44070 | Swamp:1  | Killed Frances
 44469 | Swamp:1  | Reached XP level 19. HP: 147/183 MP: 26/33
 46365 | Swamp:3  | Noticed Mara
 46379 | Swamp:3  | Killed Mara
 46885 | Swamp:4  | Entered Level 4 of the Swamp
 47904 | Swamp:4  | Got a decaying rune of Zot
 48475 | D:15     | Found a staircase to the Depths.
 48609 | D:15     | Reached skill level 1 in Throwing
 49099 | D:15     | Identified the +0 hand axe of Gajus {freeze, *Rage rPois
                  | Int+5}
 49280 | D:15     | Paralysed by a sphinx for 2 turns
 49535 | Depths:1 | Entered Level 1 of the Depths
 49761 | Elf:1    | Entered Level 1 of the Elven Halls
 49814 | Elf:1    | Reached skill level 15 in Shields
 49815 | Elf:1    | Reached XP level 20. HP: 186/193 MP: 30/34
 50130 | Elf:1    | Found a runed translucent gate.
 50130 | Elf:1    | Found a runed translucent gate.
 50130 | Elf:1    | Found a runed translucent gate.
 50284 | Elf:1    | Got Aletz's Incunabulum of Summoning
 50815 | Elf:1    | Noticed logorrheac's ghost (journeyman GnWn)
 50816 | Elf:1    | Identified the ring of Divine Compulsion {rC+ rCorr}
 50857 | Elf:1    | Killed logorrheac's ghost
 50871 | Elf:1    | Got the Reference Book on Fetching Moulding
 50873 | Elf:1    | Identified the +2 helmet "Ymuy" {rElec Regen+ Dex+5 Stlth-}
 51491 | Elf:2    | Noticed a Brimstone Fiend
 51645 | Elf:2    | Found a runed translucent gate.
 51645 | Elf:2    | Found a runed translucent gate.
 51656 | Elf:2    | Found a runed translucent gate.
 51701 | Elf:3    | Entered Level 3 of the Elven Halls
 52008 | Elf:3    | Found a shimmering blue altar of Sif Muna.
 52832 | Elf:3    | Noticed a Tzitzimitl
 52960 | Elf:3    | Reached skill level 21 in Invocations
 52978 | Elf:3    | Reached skill level 5 in Throwing
 53101 | Elf:3    | Identified the +7 spear of Theory {chaos, Contam rPois
                  | Str-4 Int+4}
 53169 | Elf:3    | Got the Collected Works on the Twisted Escort
 53307 | Elf:3    | Reached XP level 21. HP: 183/197 MP: 31/35
 53808 | Vaults:1 | Entered Level 1 of the Vaults
 53808 | Vaults:1 | Found Heag's Jewellery Boutique.
 55043 | Vaults:1 | Found a runed translucent door.
 55228 | Vaults:1 | Noticed Joetwoph's ghost (veteran OgTm)
 55231 | Vaults:1 | Upgraded the game from 0.29-a0-789-g7a8fcbc185 to
                  | 0.29-a0-802-g34511f41fd
 55448 | Vaults:2 | Noticed Mennas
 56483 | Vaults:2 | Reached XP level 22. HP: 201/210 MP: 34/36
 56789 | Vaults:2 | Found a staircase to the Crypt.
 56927 | Vaults:2 | Reached skill level 22 in Invocations
 57493 | Vaults:2 | Killed Mennas
 58499 | Vaults:3 | Noticed Jory
 58535 | Vaults:3 | Killed Jory
 58975 | Vaults:3 | Reached skill level 10 in Throwing
 59551 | Vaults:4 | Noticed Xtahua
 59557 | Vaults:4 | Noticed Zenata
 59562 | Vaults:4 | Killed Xtahua
 59567 | Vaults:4 | Killed Zenata
 60049 | Spider:3 | Killed Musia's ghost
 60057 | Spider:3 | Killed Shayle's ghost
 60167 | Spider:4 | Killed Crabhammer's ghost
 60196 | Spider:4 | Killed Gosaunna's ghost
 60216 | Spider:4 | Identified the +4 plate armour "Orphaemm" {Str+5 Stlth-}
 60764 | Abyss:2  | Cast into level 2 of the Abyss (+2 glaive of distortion)
 61156 | Abyss:3  | Found a corrupted altar of Lugonu.
 61200 | Abyss:3  | Found a corrupted altar of Lugonu.
 61301 | Elf:2    | Escaped the Abyss
 61356 | Elf:2    | Reached XP level 23. HP: 224/224 MP: 38/38
 62007 | Depths:1 | Found a gateway to Hell.
 62726 | Depths:1 | Noticed Asterion
 62764 | Depths:1 | Killed Asterion
 63074 | Depths:1 | Reached skill level 23 in Invocations
 63428 | Depths:2 | Found a magical portal.
 63457 | WizLab   | Entered Yara's Duelist Academy
 63919 | WizLab   | Got Yara's Reference Book on Hexes
 63950 | WizLab   | Found the +5 demon whip "Spellbinder" {antimagic, Will+}
 63975 | WizLab   | Noticed Geichog
 63996 | WizLab   | Killed Geichog the Head Instructor
 64519 | Vaults:1 | Killed Joetwoph's ghost
 64527 | Vaults:1 | Identified the +6 demon blade of Defence {drain, rPois rF+
                  | rC+ Str+2}
 64646 | D:14     | You paid a toll of a +6 demon blade to enter a treasure
                  | trove
 64647 | Trove    | Entered a treasure trove
 64667 | Trove    | Identified the ring of the Camelopard {Fire Dex+2}
 65391 | Depths:2 | Noticed a caustic shrike
 65402 | Depths:2 | Noticed a juggernaut
 65723 | Depths:2 | Killed a juggernaut
 66564 | Vaults:4 | Found Qoosk's Weapon Emporium.
 66760 | Vaults:4 | Reached skill level 15 in Ranged Weapons
 66846 | Vaults:4 | Reached XP level 24. HP: 235/235 MP: 38/38
 67984 | Depths:2 | Killed a caustic shrike
 67991 | Depths:2 | Identified the +2 ring mail of Zypsoh {rCorr}
 68266 | Depths:2 | Noticed a juggernaut
 68298 | Depths:2 | Killed a juggernaut
 68376 | Depths:2 | Found a one-way gate leading to the halls of Pandemonium.
 68888 | Depths:3 | Found a white marble altar of Elyvilon.
 68888 | Depths:3 | Found a glowing silver altar of Zin.
 68889 | Depths:3 | Found a glowing golden altar of the Shining One.
 69099 | Depths:3 | Found an ancient bone altar of Kikubaaqudgha.
 69717 | Depths:4 | Entered Level 4 of the Depths
 70086 | Depths:4 | Noticed a caustic shrike
 70086 | Depths:4 | Noticed a caustic shrike
 70088 | Depths:4 | Noticed a caustic shrike
 70097 | Depths:4 | Noticed a caustic shrike
 70103 | Depths:4 | Killed a caustic shrike
 70106 | Depths:4 | Killed a caustic shrike
 70112 | Depths:4 | Killed a caustic shrike
 70115 | Depths:4 | Killed a caustic shrike
 70146 | Depths:4 | Noticed a caustic shrike
 70158 | Depths:4 | Killed a caustic shrike
 70159 | Depths:4 | Reached skill level 24 in Invocations
 70345 | Depths:4 | Found a gate to the Realm of Zot.
 70926 | Depths:4 | Found a one-way gateway to a ziggurat.
 72407 | Vaults:5 | Entered Level 5 of the Vaults
 72411 | Vaults:5 | Noticed an ancient lich
 72423 | Vaults:5 | Reached XP level 25. HP: 245/245 MP: 13/39
 72427 | Vaults:5 | Noticed an ancient lich
 72449 | Vaults:5 | HP: 18/367 [ettin/+0 dire flail (13)]
 72450 | Vaults:5 | HP: 7/367 [vault guard/+0 long sword (3)]
 72451 | Vaults:5 | Slain by a vault warden

Illustrated notes

Levels and vault maps discovered:
D:1:      minmay_arrival_shattered_statue, layout_basic,
          shapermc_ecumenical_altar_mp_urbaneastern
D:2:      layout_basic, small_statue_intersection, uniq_sigmund, uniq_terence
D:3:      layout_basic, nzn_wu_jian_council_hall,
          mainiacjoe_overflow_concentric_impassable,
          chequers_serial_rivers_small_b
D:4:      layout_basic
D:5:      layout_cave_pools, mainiacjoe_overflow_cross_hatched,
          minmay_temple_entry_sparse_star
D:6:      layout_cave_pods, portal_sewer_entry_e
D:7:      layout_basic, serial_shops, nicolae_shop_window_shopping,
          supply_closet_lemuel, minmay_shop_damaged
D:8:      layout_basic, nicolae_hepliaklqana_monster_ancestors,
          general_overflow_altar, uniq_grum, uniq_amaemon, uniq_maggie
D:9:      layout_basic, grunt_decor_junction
D:10:     layout_roguey, lair_entry_dummy, serial_aquarium,
          aquarium_bridge_long_separate [aquarium_subvault_bridge,
          aquarium_subvault_wall, aquarium_subvault_bridge,
          aquarium_subvault_bridge, aquarium_subvault_window,
          aquarium_subvault_balcony], aquarium_window_2, aquarium_window_2,
          aquarium_window_1, aquarium_view_2b, aquarium_view_2f,
          aquarium_balcony_3b, serial_shops, nicolae_square_shop,
          dreamdust_deal_with_the_devil, nrook_campfire, uniq_erica,
          uniq_harold, uniq_josephine
D:11:     layout_basic, trog_ov_bears_minmay
D:12:     layout_irregular_city, kennysheep_orc_monster_closet_entryway,
          uniq_psyche, uniq_erolcha
D:13:     layout_irregular_city, serial_shops, shop, blue_anna_alchemist
D:14:     layout_cave_pools, erik_vaults_1, minmay_misc_feat_encased,
          enter_trove_6, zin_purify, uniq_rupert
D:15:     hangedman_slaughterboxes, serial_shops
Temple:   bh_familiar_temple
Lair:1:   layout_concentric_octagons, basic_altar, serial_bayou_pond_e
Lair:2:   layout_small_grid, swamp_mist_pool
Lair:3:   layout_roguey, spider_nest_entry_a
Lair:4:   layout_loops_ring, infiniplex_staircase_pool, grunt_megastairs_4
Lair:5:   layout_loops_ring, lemuel_fruit_tree
Lair:6:   hellmonk_lair_end_abyssal_woods, layout_loops_ring,
          minmay_slime_entry_pillars, gauntlet_entry_generic,
          ebering_ghost_inner_flame, hangedman_lair_generics_rect,
          infiniplex_staircase_pool_2
Swamp:1:  layout_basic_swamp, nicolae_swamp_well_well_well, uniq_frances,
          uniq_jorgrun
Swamp:2:  layout_basic_swamp, nicolae_swamp_feature_on_the_river_bank,
          swamp_pool5
Swamp:3:  layout_falls_marsh, hangedman_swamp_cone, swamp_pool2,
          nicolae_swamp_bloodsuckers_inc, uniq_mara
Swamp:4:  swamp_alternative, layout_basic_swamp
Spider:1: nicolae_spider_mines_1, uniq_louise
Spider:2: cheibrodos_spider_deadly_dance, drop_trap,
          nicolae_spider_twisty_arc_passages, uniq_kirke, uniq_arachne,
          uniq_roxanne, uniq_azrael
Spider:3: layout_spider_delve, nicolae_spider_baby_got_redback,
          nicolae_spider_cling_halls, uniq_bai_suzhen
Spider:4: guppyfry_spider_rune, gammafunk_ghost_cemetery,
          nicolae_spider_undead_wolf_pack, uniq_aizul
Orc:1:    layout_caves, serial_shops, shop, uniq_nergalle, uniq_urug
Orc:2:    st_orc_open, layout_caves, serial_shops, shop, nicolae_specific_store,
          uniq_donald
Elf:1:    layout_loops_ring, gammafunk_ghost_tricky_traps, minmay_elf_demonology
Elf:2:    elven_hall_of_blades_hangedman_original
          [nicolae_blade_entry_pointy_end], layout_geoelf_octagon,
          item_on_display_a
Elf:3:    minmay_elf_hall_spiked, layout_loops_ring, basic_altar
Vaults:1: ebering_ghost_reflecting_pool, vaults_room_fours,
          hangedman_vaults_unwind, vaults_room_fours, hangedman_vaults_trim,
          vaults_room_octagon, nicolae_vaults_network_star,
          ontoclasm_vaults_hangar, dpeg_vaults_monster_box,
          nicolae_vaults_little_squares_4, vaults_room_pool, layout_vaults_ring,
          serial_shops, shop_statue
Vaults:2: nicolae_vaults_big_ls, nicolae_vaults_theta,
          minmay_crypt_entry_simple_box, ontoclasm_vaults_ligature, st_lattice,
          vaults_room_corners, nicolae_vaults_border_crossing,
          grunt_vaults_funnel, layout_vaults_omnigrid, uniq_mennas
Vaults:3: hangedman_vaults_nails, v_alt_pattern_2, grunt_vaults_hallway_long,
          nicolae_vaults_mini_display_case, nicolae_vaults_network_square,
          hangedman_vaults_cutoff, vaults_dpeg_encased_lava, vaults_dpeg_spiral,
          nicolae_vaults_circle_grid_b, ontoclasm_vaults_twist,
          ontoclasm_vaults_hangar, nicolae_vaults_little_squares_3,
          ontoclasm_vaults_decontamination, layout_vaults_omnicross, uniq_jory
Vaults:4: vaults_room_pools, ontoclasm_vaults_idyll, hangedman_vaults_slice,
          v_misc_9, vaults_standard_mumra_enter_the_diamond,
          vaults_mumra_minichess, st_octagons_1,
          hangedman_vaults_stretched_pinwheel, vaults_room_ringed_pool,
          nicolae_vaults_little_ls, ontoclasm_vaults_hangar, vaults_room_pool,
          ontoclasm_vaults_eye, v_misc_3, layout_vaults_maze_snakey,
          serial_shops, nicolae_shop_bloodbath_and_beyond, uniq_zenata,
          uniq_xtahua
Vaults:5: serial_shops, uniq_boris, uniq_sojobo
Depths:1: layout_gridlike, grunt_hell_horde, minivault_14, st_stairs_14,
          kennysheep_decorative_pillar, kennysheep_underground_church,
          uniq_asterion
Depths:2: nicolae_legendary_halls, layout_honeycomb, minmay_crystal_water,
          infiniplex_enter_wizlab_water, hell_entry, marbit_kobold_abyss_entry,
          rand_demon_pan_entry_9, nicolae_concentric_dashed_squares_wild,
          serial_bayou_shore_a, minmay_staircase_windowed_large
Depths:3: minmay_isolated_rectangles_in_corner, layout_gridlike,
          nicolae_kikubaaqudgha_miasma_corner, serial_rivers,
          chequers_serial_rivers_small_b, chequers_serial_rivers_small_3,
          chequers_serial_rivers_marsh, chequers_serial_rivers_micro_c,
          abyss_entry, hell_entry, hallowed_hall
Depths:4: grunt_zot_entry_bicorn, layout_gridlike, enter_ziggurat_a, hell_entry

Skill      XL: |  1  2  3  4  5  6  7  8  9 10 11 12 13 14 15 16 17 18 19 20 21 22 23 24 25 |
---------------+----------------------------------------------------------------------------+-----
Axes           | 3 4 5 7 8 |  8.5
Fighting       | 4 5 6 7 8 9 11 13 15 16 17 18 19 20 21 22 23 | 23.7
Invocations    | 1 2 3 4 6 7 9 10 13 15 16 18 19 20 21 22 23 24 | 24.4
Armour         | 4 5 6 7 8 10 12 13 15 16 17 18 19 20 21 22 | 22.0
Shields        | 4 5 6 7 8 9 11 12 13 15 16 17 18 19 | 19.2
Polearms       | 3 7 10 11 | 11.1
Ranged Weapons | 2 6 8 9 10 11 12 13 14 15 | 15.8
Throwing       | 2 5 8 10 12 14 | 14.2

Action                   |  1- 3 |  4- 6 |  7- 9 | 10-12 | 13-15 | 16-18 | 19-21 | 22-24 | 25-27 || total
-------------------------+-------+-------+-------+-------+-------+-------+-------+-------+-------++-------
Melee: War axe           |    95 |    97 |       |       |       |       |       |       |       ||   192
       Morningstar       |       |    27 |   286 |       |       |       |       |       |       ||   313
       Lance             |       |       |       |   683 |  1622 |  1701 |  1821 |  2970 |    13 ||  8810
       Hand crossbow     |       |       |       |       |       |       |       |     1 |       ||     1
 Fire: Hand crossbow     |       |       |       |    20 |    45 |   155 |   281 |   173 |       ||   674
Throw: Dart              |       |       |    23 |     1 |       |       |       |       |       ||    24
       Boomerang         |       |       |       |     2 |       |       |       |       |       ||     2
Invok: Grow Ballistomyce |       |       |       |     4 |    12 |    20 |    16 |    18 |       ||    70
       Wall of Briars    |       |       |       |     2 |     4 |       |       |     1 |       ||     7
       Overgrow          |       |       |       |     1 |     3 |     5 |     5 |     4 |       ||    18
       Grow Oklob        |       |       |       |     1 |     1 |     3 |     2 |     5 |       ||    12
Evoke: Wand              |       |       |     2 |     9 |    15 |       |     1 |     1 |       ||    28
  Use: Scroll            |       |     7 |     4 |    12 |    16 |     5 |     5 |    11 |     1 ||    61
       Potion            |       |     1 |       |       |     3 |     7 |     5 |     6 |     6 ||    28
 Stab: Confused          |       |       |       |     1 |     4 |     6 |     7 |     9 |       ||    27
       Distracted        |       |       |       |       |     1 |     3 |     2 |     8 |       ||    14
       Invisible         |       |       |       |       |       |     2 |       |       |       ||     2
Armor: Scale mail        |    38 |    57 |    77 |       |       |       |       |       |       ||   172
       Chain mail        |       |       |    22 |       |       |       |       |       |       ||    22
       Plate armour      |       |       |       |   242 |   503 |   271 |       |       |       ||  1016
       Crystal plate arm |       |       |       |       |   178 |   739 |   589 |   899 |       ||  2405
       Skin              |       |       |       |       |       |       |       |     4 |   115 ||   119
Dodge: Dodged            |    48 |    66 |   117 |   118 |   256 |   279 |   172 |   239 |     9 ||  1304
Block: Buckler           |    17 |    30 |    76 |   120 |   657 |       |       |       |       ||   900
       Kite shield       |       |       |       |       |   117 |  1632 |  1130 |  1652 |    36 ||  4567
       Reflection        |       |       |       |       |     2 |    14 |   124 |    63 |       ||   203

Table legend: (Time is in decaauts)
 A = Elapsed time spent in this place.
 B = Non-inter-level travel time spent in this place.
 C = Inter-level travel time spent in this place.
 D = Time resting spent in this place.
 E = Time spent auto-exploring this place.
 F = Levels seen in this place.
 G = Mean time per level.
                   A        B        C        D        E       F      G
               +--------+--------+--------+--------+--------+-----+--------+
         Total |  69920 |  61796 |   8124 |  16349 |  23027 |  50 | 1398.4 |
       Dungeon |  24879 |  20957 |   3922 |   6972 |   8162 |  15 | 1658.6 |
        Temple |    200 |    179 |     21 |      0 |    165 |   1 |  200.0 |
          Lair |  10116 |   8687 |   1429 |   2839 |   3364 |   6 | 1686.0 |
         Swamp |   4444 |   4293 |    151 |   1305 |   1508 |   4 | 1111.0 |
   Spider Nest |   7886 |   7502 |    384 |   2577 |   1697 |   4 | 1971.5 |
  Orcish Mines |   1766 |   1639 |    127 |    331 |    774 |   2 |  883.0 |
   Elven Halls |   4286 |   3878 |    408 |    577 |   1292 |   3 | 1428.7 |
        Vaults |   7033 |   6084 |    949 |    417 |   2868 |   5 | 1406.6 |
        Depths |   6814 |   6084 |    730 |    714 |   2732 |   4 | 1703.5 |
         Abyss |    453 |    453 |      0 |     17 |      0 |   2 |  226.5 |
         Trove |     48 |     48 |      0 |      0 |      5 |   1 |   48.0 |
         Sewer |    536 |    536 |      0 |    112 |    136 |   1 |  536.0 |
        Wizlab |    656 |    656 |      0 |    137 |    156 |   1 |  656.0 |
      Gauntlet |    797 |    797 |      0 |    349 |    164 |   1 |  797.0 |
               +--------+--------+--------+--------+--------+-----+--------+

Top non-repeatable levels by time:
    D:15: 4147 daAuts
Spider:4: 3023 daAuts
  Lair:3: 2541 daAuts
  Lair:6: 2450 daAuts
    D:12: 2302 daAuts
Spider:2: 2251 daAuts
    D:10: 2177 daAuts
Vaults:2: 2092 daAuts
Depths:2: 1990 daAuts
  Lair:1: 1975 daAuts
     D:7: 1953 daAuts
    D:11: 1909 daAuts
Depths:4: 1787 daAuts
Vaults:1: 1761 daAuts
Vaults:3: 1755 daAuts
